 Dungeon Crawl Stone Soup version 0.29-a0-1047-g7c58e119a4 (webtiles) character file.

Game seed: 17401204354823897919

11 ytrimaz the Insei (level 2, 21/21 HPs)
             Began as a Demonspawn Transmuter on Aug 16, 2022.
             Quit the game on level 1 of the Dungeon.
             The game lasted 00:00:18 (457 turns).

ytrimaz the Insei (Demonspawn Transmuter)            Turns: 457, Time: 00:00:19

Health: 21/21      AC:  2    Str: 10    XL:     2   Next: 17%
Magic:  5/5        EV: 12    Int: 14    God:
Gold:   6          SH:  0    Dex: 13    Spells: 4/5 levels left

rFire   . . .      SeeInvis .     - Unarmed
rCold   . . .      Faith    .   (no shield)
rNeg    . . .      Spirit   .   a - +0 robe
rPois   .          Reflect  .   (helmet restricted)
rElec   .          Harm     .   (no cloak)
rCorr   .          Rampage  .   (no gloves)
Will    .....                   (no boots)
Stlth   +.........              (no amulet)
HPRegen 0.07/turn               (no ring)
MPRegen 0.09/turn               (no ring)

@: no status effects
A: antennae 1
a: no special abilities


You were on level 1 of the Dungeon.
You visited 1 branch of the dungeon, and saw 1 of its levels.

You collected 6 gold pieces.

Inventory:

Armour
 a - a +0 robe (worn)
Scrolls
 d - a scroll of noise {unknown}
 e - a scroll of teleportation {unknown}
Potions
 b - a potion of lignification
 c - a potion of brilliance {unknown}


   Skills:
 - Level 1.0 Fighting
 - Level 1.7 Dodging
 + Level 3.3 Unarmed Combat
 - Level 2.0 Spellcasting
 - Level 1.7 Transmutations


You had 4 spell levels left.
You knew the following spells:

 Your Spells              Type           Power      Damage    Failure   Level
a - Beastly Appendage     Tmut           12%        N/A       12%         1

Your spell library contained the following spells:

 Spells                   Type           Power      Damage    Failure   Level
 Wereblood                Tmut           6%         N/A       17%         2
 Spider Form              Tmut/Pois      3%         N/A       45%         3
 Ice Form                 Ice/Tmut       3%         N/A       86%         4


Dungeon Overview and Level Annotations

Branches:
Dungeon (1/15)

Altars:


Innate Abilities, Weirdness & Mutations

You have a pair of small antennae on your head.


Message History

HP restored.
You see here a +0 hand axe.
You now have 6 gold pieces.
There is an open door here.
A gnoll comes into view. It is wielding a +0 spear.
The gnoll shouts!
A gnoll is nearby!
You grow a pair of large bovine horns.
Your feet morph into talons.
The gnoll hits you from afar with a +0 spear.
The gnoll closely misses you.
You hit the gnoll. You claw the gnoll.
The gnoll is heavily wounded.
The gnoll closely misses you.
You hit the gnoll but do no damage. You claw the gnoll.
Your headbutt misses the gnoll.
The gnoll is severely wounded.
The gnoll hits you with a +0 spear!
* * * LOW HITPOINT WARNING * * *
You are too injured to fight recklessly!
You hit the gnoll. You headbutt the gnoll.
You kill the gnoll!
Your Unarmed Combat skill increases to level 3!
You have reached level 2!
Your demonic ancestry asserts itself...
The horns on your head shrink a bit. The horns on your head shrink away.
A pair of antennae grows on your head!
Things that are here:
a +0 spear; a gnoll corpse Your transformation is almost over.
Your talons disappear.
Found a mace.
You see here a +0 mace.
d - a scroll labelled ODOMON EMPAR You open the door.
There is an open door here.
You open the door.
Found a sling.
e - a scroll labelled SAISAEKO DUGHY
Found 7 stones.
Are you sure you want to abandon this character and quit the game? (Confirm with "yes".)

#~~..~~~ .......# #~..~~..
.......# #~.~~..~ .......#
#~.~~.~~ ###.#.... #~.~~.<.
#.....). # #~..~~~.
#.###.#...#..# #~~..~..
+(...........# #~~~...~
#.#@# ##.~~~~~~
#.###.#.#.#.# #.8......
#...........####..###++#
#####.###...##....##...#
#..............###.###
#..................#
######.####...>#....#####
#.......###....#....#####
#.......##....^.....'...###


There were no monsters in sight!

Vanquished Creatures
  A gnoll (D:1)
  A ball python (D:1)
2 creatures vanquished.

Notes
Turn   | Place    | Note
-------+----------+-------------------------------------------
     0 | D:1      | ytrimaz the Demonspawn Transmuter began the quest for the
                  | Orb.
     0 | D:1      | Reached XP level 1. HP: 15/15 MP: 3/3
   132 | D:1      | Reached skill level 3 in Unarmed Combat
   132 | D:1      | Lost mutation: You have a pair of horns on your head.
                  | [demonic ancestry]
   132 | D:1      | Lost mutation: You have a pair of small horns on your head.
                  | [demonic ancestry]
   132 | D:1      | Gained mutation: You have a pair of small antennae on your
                  | head. [demonic ancestry]
   132 | D:1      | Reached XP level 2. HP: 3/21 MP: 3/5
   457 | D:1      | Quit the game

Illustrated notes

Levels and vault maps discovered:
D:1:      psy_arrival_whirlpool, layout_basic

Skill      XL: |  1 |
---------------+----+-----
Unarmed Combat | 3 |  3.3
Fighting       | |  1.0
Dodging        | |  1.7
Spellcasting   | |  2.0
Transmutations | |  1.7

Action                   || total
-------------------------++-------
Melee: Unarmed           ||     5
       Kick              ||     2
       Headbutt          ||     2
 Cast: Beastly Appendage ||     2
Dodge: Dodged            ||     4

Table legend: (Time is in decaauts)
 A = Elapsed time spent in this place.
 B = Non-inter-level travel time spent in this place.
 C = Inter-level travel time spent in this place.
 D = Time resting spent in this place.
 E = Time spent auto-exploring this place.
 F = Levels seen in this place.
 G = Mean time per level.
                   A        B        C        D        E       F      G
               +--------+--------+--------+--------+--------+-----+--------+
         Total |    458 |    458 |      0 |      0 |    435 |   1 |  458.0 |
       Dungeon |    458 |    458 |      0 |      0 |    435 |   1 |  458.0 |
               +--------+--------+--------+--------+--------+-----+--------+

Top non-repeatable levels by time:
     D:1: 458 daAuts
